 Dungeon Crawl Stone Soup version 0.28-a0-479-g5baa6b73be (webtiles) character file.

Game seed: 6549543796546003153

581 Dabor the Sneak (level 7, -1/34 HPs)
             Began as a Spriggan Enchanter on Sept 19, 2021.
             Was an Elder of Jiyva.
             Killed from afar by an acid dragon (14 damage)
             ... with a splash of acid
             ... on level 5 of the Dungeon.
             The game lasted 00:11:49 (6024 turns).

Dabor the Sneak (Spriggan Enchanter)                Turns: 6024, Time: 00:11:50

Health: -1/34      AC:  2    Str:  8    XL:     7   Next: 13%
Magic:  9/14       EV: 19    Int: 16    God:    Jiyva [****..]
Gold:   55         SH:  0    Dex: 14    Spells: 9/14 levels left

rFire   . . .      SeeInvis +   i - +1 short sword (speed)
rCold   + . .      Faith    .   (shield restricted)
rNeg    . . .      Spirit   .   b - +0 robe
rPois   .          Reflect  .   (helmet restricted)
rElec   .          Harm     .   (no cloak)
rCorr   +          Rampage  .   (gloves unavailable)
Will    +....                   (boots unavailable)
Stlth   +++.......              (no amulet)
HPRegen 0.11/turn               f - ring of protection from cold
MPRegen 0.14/turn               (no ring)

@: very slightly contaminated, very quick
A: very small, no large weapons, unfitting armour, see invisible, speed 3, wild
magic 1
a: Renounce Religion, Request Jelly, Slimify


You were on level 5 of the Dungeon.
You worshipped Jiyva.
Jiyva was greatly pleased with you.
You visited 1 branch of the dungeon, and saw 6 of its levels.

You collected 55 gold pieces.

Inventory:

Hand Weapons
 a - a +1 dagger
 i - a +1 short sword of speed (weapon)
Missiles
 d - 21 poisoned darts (quivered)
Armour
 b - a +0 robe (worn)
Jewellery
 f - a ring of protection from cold (left hand)
Wands
 e - a wand of paralysis (4)
Scrolls
 g - a scroll of teleportation {unknown}
 h - a scroll of vulnerability {unknown}
Potions
 c - a potion of invisibility
 j - 2 potions of ambrosia {unknown}


   Skills:
 + Level 1.7 Fighting
 * Level 4.0 Short Blades
 * Level 5.3 Dodging
 * Level 7.1 Stealth
 + Level 4.0 Spellcasting
 + Level 4.7 Hexes


You had 9 spell levels left.
You knew the following spells:

 Your Spells              Type           Power      Damage    Failure   Level
a - Tukima's Dance        Hex            23%        N/A       12%         3
b - Ensorcelled Hibernat  Hex/Ice        28%        N/A       14%         2

Your spell library contained the following spells:

 Spells                   Type           Power      Damage    Failure   Level
 Confusing Touch          Hex            23%        N/A       12%         3
 Sting                    Tmut/Pois      16%        1d3       24%         1
 Dazzling Flash           Conj/Hex       28%        N/A       26%         3
 Corpse Rot               Necr/Air       N/A        N/A       34%         2
 Poisonous Vapours        Pois/Air       8%         N/A       34%         2
 Olgreb's Toxic Radiance  Pois           4%         N/A       90%         4


Dungeon Overview and Level Annotations

Branches:
Dungeon (6/15)             Temple (0/1) D:5

Altars:
Dithmenos
Gozag
Hepliaklqana
Nemelex Xobeh
Okawaru
Sif Muna
Vehumet
The Shining One
Jiyva

Shops:
D:6 (


Innate Abilities, Weirdness & Mutations

You are very small and have problems with some larger weapons.
You are too small for most types of armour.
You have supernaturally acute eyesight. (SInv)
You cover ground extremely quickly. (Speed+++)
Your spells are a little harder to cast, but a little more powerful.


Message History

You start resting.
Magic restored.
You start resting.
You hear a distant slurping noise.
Jiyva gurgles merrily.
An acid dragon comes into view.
Casting: Ensorcelled Hibernation (safe; 14% risk of failure)
Confirm with . or Enter, or press ? or * to list all spells.
Aiming: Ensorcelled Hibernation (safe; 14% risk of failure)
Press: ? - help, Shift-Dir - straight line, f - acid dragon
Aim: an acid dragon (wandering, hasn't noticed you, chance to affect: 45%)
The acid dragon roars!
The acid dragon resists with some effort.
Casting: Ensorcelled Hibernation (safe; 14% risk of failure)
Confirm with . or Enter, or press ? or * to list all spells.
Aiming: Ensorcelled Hibernation (safe; 14% risk of failure)
Press: ? - help, Shift-Dir - straight line, f/p - acid dragon
Aim: an acid dragon (chance to affect: 45%)
You miscast Ensorcelled Hibernation.
You are very lightly contaminated with residual magic.
Nothing appears to happen.
The acid dragon spits acid at you. The splash of acid misses you.
Casting: Ensorcelled Hibernation (safe; 14% risk of failure)
Confirm with . or Enter, or press ? or * to list all spells.
Aiming: Ensorcelled Hibernation (safe; 14% risk of failure)
Press: ? - help, Shift-Dir - straight line, f/p - acid dragon
Aim: an acid dragon (chance to affect: 45%)
The acid dragon looks drowsy...
The helpless acid dragon fails to defend itself.
You impale the acid dragon!!
The acid dragon is almost dead.
You barely miss the acid dragon.
The acid dragon is almost dead.
The acid dragon bites you! The acid dragon completely misses you.
You hit the acid dragon.
The acid dragon is almost dead.
The acid dragon spits acid at you. The splash of acid hits you! You resist.
You die...

#.#.# #.#.# #.#.# #.#.#
#.#.############ ####
#.#..##........# #...
#.##.##........# #.## ####
#.##..#........####.## ##§§##
#.>..@D...............
#§§§R#####..##.#..........#..#.
########...................#..#.
#..._..#.........#######...#..##
#................###########....
#...............................
##.._..#.........###########.###
#######.........# #######.##
##§§§W#.........# #...J.J..#


You could see an acid dragon (catching breath).

Vanquished Creatures
  A water moccasin (D:5)
  A sky beast (D:4)
  A black bear (D:6)
  An ogre (D:5)
  A centaur (D:5)
  A wyvern zombie (D:5)
  A water moccasin skeleton (D:6)
  A hound (D:5)
  A bullfrog skeleton (D:5)
  A centaur skeleton (D:5)
  An orc wizard (D:5)
  2 adders (D:3)
  An adder skeleton (D:5)
  A dart slug (D:1)
  5 orcs
  A bat (D:1)
  2 giant cockroaches
  2 goblins
  3 hobgoblins
  2 jackals (D:2)
  2 quokkas
  2 ball pythons (D:1)
  3 frilled lizards
  3 kobolds
  2 rats
42 creatures vanquished.

Vanquished Creatures (others)
  Sigmund (D:2)
  2 phantoms
  A water moccasin zombie (D:5)
  2 scorpions (D:4)
  11 jellies
  A centaur skeleton (D:5)
  2 iguanas
  2 orc wizards
  Ijyb (D:3)
  A hound skeleton (D:4)
  A howler monkey skeleton (D:5)
  3 adders
  A worm (D:2)
  2 dart slugs (D:5)
  An endoplasm (D:4)
  8 orcs
  2 bats (D:1)
  A giant cockroach (D:1)
  7 goblins
  A hobgoblin (D:4)
  3 jackals (D:3)
  2 kobolds
  3 ball pythons
  2 rats (D:2)
  A plant (D:3)
62 creatures vanquished.

Grand Total: 104 creatures vanquished

Notes
Turn   | Place    | Note
-------+----------+-------------------------------------------
     0 | D:1      | Dabor the Spriggan Enchanter began the quest for the Orb.
     0 | D:1      | Reached XP level 1. HP: 9/9 MP: 5/5
     3 | D:1      | Noticed an electric eel
    15 | D:1      | Noticed an electric eel
   232 | D:1      | Found a faded altar of an unknown god.
   251 | D:1      | Became a worshipper of Jiyva Juwujick the Shapeless
   251 | D:1      | Reached * piety under Jiyva
   305 | D:1      | Reached XP level 2. HP: 13/13 MP: 6/6
  1237 | D:2      | Reached ** piety under Jiyva
  1317 | D:2      | Killed Sigmund
  1803 | D:3      | Found an opulent altar of Gozag.
  1897 | D:3      | Noticed a phantom
  2202 | D:3      | Found a shimmering blue altar of Sif Muna.
  2203 | D:3      | Found a radiant altar of Vehumet.
  2275 | D:3      | Killed a phantom
  2301 | D:3      | Reached XP level 3. HP: 17/17 MP: 6/8
  2361 | D:3      | Found a sparkling altar of Nemelex Xobeh.
  2629 | D:3      | Reached skill level 5 in Stealth
  2674 | D:3      | Killed Ijyb
  3126 | D:4      | Learned a level 3 spell: Tukima's Dance
  3129 | D:4      | Learned a level 2 spell: Ensorcelled Hibernation
  3145 | D:4      | Paralysed by an orc for 4 turns
  3193 | D:4      | Paralysed by an orc for 5 turns
  3226 | D:4      | Reached *** piety under Jiyva
  3380 | D:4      | Killed a scorpion
  3580 | D:4      | Killed a scorpion
  3628 | D:4      | Killed a phantom
  3925 | D:4      | Noticed a sky beast
  3932 | D:4      | Killed a sky beast
  3933 | D:4      | Reached XP level 4. HP: 21/21 MP: 9/9
  3967 | D:4      | Found an iron altar of Okawaru.
  4363 | D:4      | Found a glowing golden altar of the Shining One.
  4469 | D:5      | Entered Level 5 of the Dungeon
  4503 | D:5      | Noticed an ogre
  4525 | D:5      | Killed an ogre
  4526 | D:5      | Reached skill level 1 in Fighting
  4526 | D:5      | Reached XP level 5. HP: 25/25 MP: 2/11
  4576 | D:5      | Gained mutation: Your spells are a little harder to cast,
                  | but a little more powerful. [Jiyva's grace]
  4626 | D:5      | Reached skill level 6 in Stealth
  4875 | D:5      | Noticed a centaur
  4882 | D:5      | Killed a centaur
  4883 | D:5      | Reached XP level 6. HP: 30/30 MP: 8/12
  4953 | D:5      | Found a staircase to the Ecumenical Temple.
  5385 | D:5      | Noticed a water moccasin
  5398 | D:5      | Killed a water moccasin
  5399 | D:5      | Reached skill level 5 in Dodging
  5467 | D:5      | Found a shadowy altar of Dithmenos.
  5467 | D:5      | Noticed a shadow
  5470 | D:5      | Found a hazy altar of Hepliaklqana.
  5907 | D:6      | Found Weve's Antique Weapon Shop.
  5909 | D:6      | Reached **** piety under Jiyva
  5934 | D:6      | Reached skill level 7 in Stealth
  5934 | D:6      | Reached XP level 7. HP: 22/34 MP: 11/14
  6024 | D:5      | Killed from afar by an acid dragon

Illustrated notes

Levels and vault maps discovered:
D:1:      arrival_aquarium_b, layout_rooms, ebering_ecumenical_altar_abandoned
D:2:      layout_basic, minmay_misc_feat_secret_circle, uniq_sigmund
D:3:      kennysheep_goblin_castle, layout_basic,
          nemelex_xobeh_ov_fountains_minmay, mainiacjoe_overflow_catwalk,
          mainiacjoe_overflow_big_doors, saegor_snake_ambush
D:4:      layout_basic, mainiacjoe_overflow_small_starburst,
          mainiacjoe_overflow_24_doors, chequers_arboretum,
          minmay_misc_feat_tiny
D:5:      layout_basic, riverfiend_overflow_shadow_ancestor,
          minmay_temple_entry_sparse_star
D:6:      layout_rooms, slow_altar_1, tgw_trog, kiku_gazebo_pond_becter,
          serial_shops, nicolae_shop_behind_doors, nicolae_shop_behind_doors,
          nicolae_inconvenience_store, shop,
          nicolae_shop_competitors_out_of_business, minmay_misc_feat_plants,
          hangedman_decor_points

Skill      XL: |  1  2  3  4  5  6 |
---------------+-------------------+-----
Dodging        | 3 4 5 |  5.3
Spellcasting   | 3 4 |  4.0
Stealth        | 5 6 7 |  7.1
Short Blades   | 2 3 4 |  4.0
Hexes          | 4 |  4.7
Fighting       | 1 |  1.7

Action                   |  1- 3 |  4- 6 |  7- 9 || total
-------------------------+-------+-------+-------++-------
Melee: Dagger            |   131 |       |       ||   131
       Short sword       |     9 |    91 |     4 ||   104
Throw: Dart              |    28 |     4 |       ||    32
 Cast: Ensorcelled Hiber |       |     6 |     2 ||     8
       Tukima's Dance    |       |     1 |       ||     1
  Use: Scroll            |     1 |       |       ||     1
 Stab: Sleeping          |     8 |     6 |     1 ||    15
Armor: Robe              |    14 |     2 |       ||    16
Dodge: Dodged            |   125 |    55 |     2 ||   182

Table legend: (Time is in decaauts)
 A = Elapsed time spent in this place.
 B = Non-inter-level travel time spent in this place.
 C = Inter-level travel time spent in this place.
 D = Time resting spent in this place.
 E = Time spent auto-exploring this place.
 F = Levels seen in this place.
 G = Mean time per level.
                   A        B        C        D        E       F      G
               +--------+--------+--------+--------+--------+-----+--------+
         Total |   4599 |   4518 |     81 |   1148 |   2606 |   6 |  766.5 |
       Dungeon |   4599 |   4518 |     81 |   1148 |   2606 |   6 |  766.5 |
               +--------+--------+--------+--------+--------+-----+--------+

Top non-repeatable levels by time:
     D:4: 1227 daAuts
     D:5: 1018 daAuts
     D:1: 849 daAuts
     D:2: 756 daAuts
     D:3: 720 daAuts
     D:6: 26 daAuts
